 Dungeon Crawl Stone Soup version 0.21-a0-404-g291f19a (webtiles) character file.

32 tof the Digger (level 3, -2/19 HPs)
             Began as a Gargoyle Earth Elementalist on Oct 28, 2017.
             Slain by a worm (9 damage)
             ... on level 2 of the Dungeon.
             The game lasted 00:02:42 (1500 turns).

tof the Digger (Gargoyle Earth Elementalist)        Turns: 1500, Time: 00:02:43

Health: -2/19      AC:  6    Str: 11    XL:     3   Next: 27%
Magic:  6/6        EV: 12    Int: 15    God:
Gold:   15         SH:  0    Dex: 11    Spells: 5/6 levels left

rFire    . . .     SeeInvis .   i - +0 dagger
rCold    . . .     Gourm    .   (no shield)
rNeg     + . .     Faith    .   c - +0 robe
rPois    ∞         Spirit   .   (no helmet)
rElec    +         Reflect  .   (no cloak)
rCorr    .         Harm     .   j - +0 pair of gloves (curse)
MR       .....                  (no boots)
Stlth    ++........             (no amulet)
HPRegen  0.06/turn              (no ring)
MPRegen  0.10/turn              (no ring)

@: no status effects
A: negative energy resistance 1, electricity resistance, unbreathing,
petrification resistance, rot immunity, AC +3
a: no special abilities


You were on level 2 of the Dungeon.
You were very hungry.

You visited 1 branch of the dungeon, and saw 2 of its levels.

You collected 15 gold pieces.

Inventory:

Hand Weapons
 i - a +0 dagger (weapon)
Missiles
 b - 78 stones (quivered)
Armour
 c - a +0 robe (worn)
 j - a cursed +0 pair of gloves (worn)
Scrolls
 g - a scroll of random uselessness {unknown}
 h - 2 scrolls of identify {unknown}
Potions
 f - 2 potions of resistance {unknown}
Books
 e - a book of Geomancy

   Spells                             Type                      Level
   a - Sandblast                      Earth                        1
   b - Passwall                       Transmutation/Earth          2
   c - Stone Arrow                    Conjuration/Earth            3
   d - Petrify                        Transmutation/Earth          4
   e - Lee's Rapid Deconstruction     Earth                        5
Comestibles
 d - 3 bread rations


   Skills:
 + Level 1.9 Dodging
 + Level 2.7 Stealth
 + Level 2.3 Spellcasting
   Level 0.7 Transmutations
 * Level 4.3 Earth Magic


You had 5 spell levels left.
You knew the following spells:

 Your Spells              Type           Power        Failure   Level  Hunger
a - Sandblast             Erth           ##....       3%          1    #......


Dungeon Overview and Level Annotations

Branches:
Dungeon (2/15)

Altars:


Innate Abilities, Weirdness & Mutations

You are resistant to torment.
Your stone body is resilient. (AC +3)
You are immune to poison.
You resist negative energy. (rN+)
You are resistant to electric shocks. (rElec)
You can survive without breathing.
You are immune to petrification.
You are immune to rotting.


Message History

The goblin hits you but does no damage.
You hit the goblin.
You kill the goblin!
b - 78 stones (gained 13)
You see here a club.
There isn't anything to butcher here.
d - 3 bread rations (gained 1)
A worm comes into view.
You are feeling very hungry.
The worm bites you.
You hit the worm.
The worm is lightly wounded.
You hit the worm.
The worm is moderately wounded.
The worm bites you!
A quokka comes into view.
You hit the worm but do no damage.
The worm is lightly wounded.
The worm bites you!
You die...

#..####..#.#<.......
#.......>..)........
#.####..........####
#.####...###########
#
#..................#
. #
######.###########.#
g#g# #.....#
#.###gg.
#..##.#######.#.gg
###.........@.#.#.#
#...##.######w#...#
#.####.# .#####
#......# .# ########
.. .. .r. ...


You could see a worm and a quokka.

Vanquished Creatures
  An adder (D:2)
  A worm (D:2)
  A leopard gecko (D:1)
  2 goblins
  2 hobgoblins (D:2)
  2 kobolds (D:1)
  2 quokkas (D:2)
  A ball python (D:1)
  5 bats (D:1)
  3 frilled lizards (D:1)
  2 rats (D:1)
22 creatures vanquished.

Notes
Turn   | Place    | Note
-------+----------+-------------------------------------------
     0 | D:1      | tof the Gargoyle Earth Elementalist began the quest for the Orb.
     0 | D:1      | Reached XP level 1. HP: 10/10 MP: 3/3
   114 | D:1      | Reached XP level 2. HP: 3/15 MP: 0/5
   532 | D:1      | Reached skill level 4 in Earth Magic
  1160 | D:2      | Reached XP level 3. HP: 8/19 MP: 3/6
  1500 | D:2      | Slain by a worm

Vault maps used:
D:1:      dpeg_arrival_court, serial_park_tiny_pond
D:2:      lemuel_coloured_pillars_altar, uniq_robin

Skill      XL: |  1  2 |
---------------+-------+-----
Earth Magic    | 4 |  4.3
Dodging        | |  1.9
Stealth        | |  2.7
Spellcasting   | |  2.3
Transmutations | |  0.7

Action                   || total
-------------------------++-------
Melee: Unarmed           ||    61
       Dagger            ||    39
Throw: Stone             ||     1
 Cast: Sandblast         ||     9
 Stab: Sleeping          ||     3
  Eat: Chunk             ||     1
Armor: Robe              ||    39
Dodge: Dodged            ||    95

Table legend:
 A = Spawn XP
 B = Non-spawn XP
 C = Spawn XP percentage of total XP
 D = Spawn monster count
 E = Non-spawn monster count
 F = Spawn count percentage of total count
 G = Total turns spent on level
                    A         B        C        D         E        F      G
               +---------+---------+-------+---------+---------+-------+---------
         Total |       0 |      47 |   0.0 |       0 |      22 |   0.0 |  1500
               +---------+---------+-------+---------+---------+-------+---------
           D:1 |       0 |      19 |   0.0 |       0 |      15 |   0.0 |  1044
           D:2 |       0 |      28 |   0.0 |       0 |       7 |   0.0 |   456
               +---------+---------+-------+---------+---------+-------+---------
